 Dungeon Crawl Stone Soup version 0.28-a0-1312-g71652a0310 (webtiles) character file.

Game seed: 5910031293793064805

291 bande the Shield-Bearer (level 6, -1/38 HPs)
             Began as a Gargoyle Fighter on Dec 27, 2021.
             Slain by a gnoll (3 damage)
             ... on level 4 of the Dungeon on Dec 28, 2021.
             The game lasted 00:04:35 (3704 turns).

bande the Shield-Bearer (Gargoyle Fighter)          Turns: 3704, Time: 00:04:36

Health: -1/38      AC: 17    Str: 20    XL:     6   Next: 32%
Magic:  5/5        EV:  9    Int:  8    God:
Gold:   133        SH:  0    Dex: 13    Spells: 5/5 levels left

rFire   . . .      SeeInvis .   a - +0 war axe
rCold   . . .      Faith    .   c - +0 buckler
rNeg    + . .      Spirit   .   b - +0 scale mail
rPois   ∞          Reflect  +   (no helmet)
rElec   +          Harm     .   (no cloak)
rCorr   .          Rampage  .   (no gloves)
Will    .....                   (no boots)
Stlth   ..........              l - amulet of reflection
HPRegen 0.12/turn               h - +4 ring of protection
MPRegen 0.09/turn               (no ring)

@: confused, ambrosia-drunk, attractive, hasted, very quick
A: sickness immunity, AC +4, negative energy resistance 1, electricity
resistance, torment resistance 1, petrification resistance, iridescent scales 1,
agile 1, low mp 1
a: no special abilities


You were on level 4 of the Dungeon.
You visited 1 branch of the dungeon, and saw 4 of its levels.

You collected 133 gold pieces.

Inventory:

Hand Weapons
 a - a +0 war axe (weapon)
 j - a +1 morningstar of protection
 r - a +0 broad axe
Armour
 b - a +0 scale mail (worn)
 c - a +0 buckler (worn)
Jewellery
 h - a +4 ring of protection (left hand)
 l - an amulet of reflection (around neck)
 o - a ring of magical power
Wands
 i - a wand of iceblast (3)
Scrolls
 e - 4 scrolls of identify
 f - a scroll of enchant weapon {unknown}
 k - 2 scrolls of amnesia {unknown}
 m - a scroll of teleportation
Potions
 g - 3 potions of mutation
 p - 2 potions of haste


   Skills:
 + Level 4.2 Fighting
 + Level 3.8 Axes
 + Level 4.1 Armour
 + Level 4.2 Shields
 * Level 1.9 Evocations


You had 5 spell levels left.
You didn't know any spells.
Your spell library contained the following spells:

 Spells                   Type           Power      Damage    Failure   Level
 Pain                     Necr           0%         1d4       77%         1
 Cause Fear               Hex            0%         N/A       100%        4
 Agony                    Necr           0%         N/A       100%        5
 Excruciating Wounds      Necr           0%         N/A       100%        5
 Dragon Form              Tmut           0%         N/A       100%        7
 Dragon's Call            Summ           0%         N/A       100%        9


Dungeon Overview and Level Annotations

Branches:
Dungeon (4/15)
 Temple: D:4-7

Altars:

Annotations:
D:4 Dowan, Duvessa


Innate Abilities, Weirdness & Mutations

You are immune to sickness and miasma.
Your stone body is resilient. (AC +4)
You are immune to poison.
You resist negative energy. (rN+)
You are resistant to electric shocks. (rElec)
You are resistant to unholy torment.
You are immune to petrification.
You are partially covered in iridescent scales. (AC +2)
You are agile. (Dex +2)
Your magical capacity is low. (-10% MP)


Message History

No target in view!
You see here a +0 short sword.
A gnoll, Duvessa and Dowan come into view.
Duvessa shouts!
Dowan shouts!
The gnoll shouts!
You hear a shout!
A gnoll comes into view. It is wielding a +3 spear.
There are monsters nearby!
A gnoll comes into view. It is wielding a +0 spear.
Found a stone staircase leading down.
The gnoll shouts! x2
Duvessa hits you with a +0 short sword.
Dowan gestures wildly while chanting.
Dowan blinks!
The gnoll barely misses you.
You hit Duvessa but do no damage. You hit the gnoll.
You block the gnoll's attack. You block Duvessa's attack.
The gnoll hits you with a +0 flail. The gnoll closely misses you.
You slash the gnoll!
The gnoll is almost dead.
You hit Duvessa.
The gnoll hits you from afar with a +3 spear!
Duvessa hits you with a +0 short sword. The gnoll hits you with a +0 flail.
You block the gnoll's attack. x2; Duvessa misses you.
The gnoll hits you but does no damage.
It was a potion of haste.
You feel yourself speed up. The gnoll hits you but does no damage.
The gnoll hits you from afar with a +3 spear.
* * * LOW HITPOINT WARNING * * *
Duvessa hits you but does no damage. The gnoll barely misses you.
It was a potion of attraction.
You feel attractive to monsters. Dowan hits you but does no damage.
The gnoll hits you but does no damage. The gnoll is attracted toward you.
It was a potion of ambrosia.
You are confused.
You feel invigorated. The gnoll barely misses you.
Duvessa hits you but does no damage. The gnoll hits you with a +0 flail!
* * * LOW HITPOINT WARNING * * *
Dowan hits you with a +0 dagger.
* * * LOW HITPOINT WARNING * * *
The gnoll hits you from afar with a +0 spear.
You die...

..........# ..........#
##.......... #........#
##...........
#........###.!.......>..
....>.....##............
#.........##............
..........##............
#)†......>##.....eg.....
..........##....@g§.....
#........###.#..eg......
.........###.####.######
#............####.#
.##........#......#
###.###.#..#.######
....# #.#..#.## ####
#.#.....### .#
#.###.....#


You could see Duvessa, Dowan and 3 gnolls.

Vanquished Creatures
  Sigmund (D:4)
  An orc priest (D:3)
  3 adders
  4 worms
  A dart slug (D:4)
  6 orcs
  3 ball pythons
  5 bats
  5 endoplasms
  4 giant cockroaches
  10 hobgoblins
  3 jackals (D:1)
  2 kobolds
  4 quokkas
  4 frilled lizards
  7 goblins
  3 rats
  A spectral kobold (D:2)
67 creatures vanquished.

Notes
Turn   | Place    | Note
-------+----------+-------------------------------------------
     0 | D:1      | bande the Gargoyle Fighter began the quest for the Orb.
     0 | D:1      | Reached XP level 1. HP: 14/14 MP: 1/1
   302 | D:1      | Reached XP level 2. HP: 19/19 MP: 2/2
   869 | D:1      | Reached XP level 3. HP: 24/24 MP: 3/3
  1562 | D:2      | Found a faded altar of an unknown god.
  1668 | D:2      | Gained mutation: You are partially covered in iridescent
                  | scales. (AC +2) [potion of mutation]
  1668 | D:2      | Gained mutation: Your magical capacity is low. (-10% MP)
                  | [potion of mutation]
  1668 | D:2      | Gained mutation: You are agile. (Dex +2) [potion of
                  | mutation]
  2182 | D:3      | Reached XP level 4. HP: 29/29 MP: 3/3
  2392 | D:3      | Reached skill level 1 in Evocations
  3141 | D:4      | Noticed Sigmund
  3160 | D:4      | Killed Sigmund
  3161 | D:4      | Reached XP level 5. HP: 19/33 MP: 4/4
  3161 | D:4      | Reached XP level 6. HP: 22/38 MP: 5/5
  3696 | D:4      | Noticed Duvessa
  3696 | D:4      | Noticed Dowan
  3704 | D:4      | Slain by a gnoll

Illustrated notes

Levels and vault maps discovered:
D:1:      psy_arrival_whirlpool, layout_basic
D:2:      minmay_general_purpose_star, layout_loops_ring,
          dreamdust_ecumenical_altar_drowned_temple
D:3:      layout_loops_cross, kennysheep_cross_bottleneck
D:4:      layout_rooms, st_stairs_13, uniq_duvessa, uniq_sigmund

Skill      XL: |  1  2  3  4 |
---------------+-------------+-----
Axes           | 2 3 |  3.8
Evocations     | 1 |  1.9
Fighting       | 4 |  4.2
Armour         | 4 |  4.1
Shields        | 4 |  4.2

Action                   |  1- 3 |  4- 6 || total
-------------------------+-------+-------++-------
Melee: War axe           |   109 |    50 ||   159
  Use: Scroll            |     4 |       ||     4
       Potion            |     1 |     4 ||     5
Armor: Scale mail        |    57 |    26 ||    83
Dodge: Dodged            |    40 |    26 ||    66
Block: Buckler           |    21 |    34 ||    55

Table legend: (Time is in decaauts)
 A = Elapsed time spent in this place.
 B = Non-inter-level travel time spent in this place.
 C = Inter-level travel time spent in this place.
 D = Time resting spent in this place.
 E = Time spent auto-exploring this place.
 F = Levels seen in this place.
 G = Mean time per level.
                   A        B        C        D        E       F      G
               +--------+--------+--------+--------+--------+-----+--------+
         Total |   3771 |   3651 |    120 |    479 |   2651 |   4 |  942.8 |
       Dungeon |   3771 |   3651 |    120 |    479 |   2651 |   4 |  942.8 |
               +--------+--------+--------+--------+--------+-----+--------+

Top non-repeatable levels by time:
     D:1: 1113 daAuts
     D:2: 1094 daAuts
     D:3: 925 daAuts
     D:4: 638 daAuts
